 Dungeon Crawl Stone Soup version 0.31-a0-441-g867994ef1c (webtiles) character file.

Game seed: 11941418082072731405

84 CraigForest the Slasher (level 4, -8/35 HPs)
             Began as a Barachi Gladiator on Aug 2, 2023.
             Mangled by a gnoll
             ... wielding a +0 halberd
              (12 damage)
             ... on level 2 of the Dungeon.
             The game lasted 00:06:18 (1287 turns).

CraigForest the Slasher (Barachi Gladiator)         Turns: 1287, Time: 00:06:19

Health: -8/35      AC: 11    Str: 15    XL:     4   Next: 45%
Magic:  4/4        EV:  5    Int:  9    God:
Gold:   111        SH:  0    Dex: 15    Spells: 3/3 levels left

rFire   . . .        a - +0 long sword
rCold   . . .        (no shield)
rNeg    . . .        f - +0 plate armour
rPois   +            c - +0 helmet
rElec   .            (no cloak)
rCorr   .            (no gloves)
SInv    .            (no boots)
Will    .....        (no amulet) Stlth
                     j - +4 ring of slaying
HPRegen 0.25/turn    r - ring of poison resistance
MPRegen 0.09/turn

%: no passive effects
@: mighty, slow
A: amphibious, slowness 1, strong legs 1, +LOS
a: Hop


You were on level 2 of the Dungeon.
You visited 1 branch of the dungeon, and saw 2 of its levels.

You collected 111 gold pieces.

Inventory:

Hand Weapons
 a - a +0 long sword (weapon)
Missiles
 d - 3 throwing nets
 e - a javelin
 l - 5 poisoned darts (quivered)
 q - 6 atropa-tipped darts
Armour
 b - a +0 leather armour
 c - a +0 helmet (worn)
 f - a +0 plate armour (worn)
Jewellery
 j - a +4 ring of slaying (left hand)
 r - a ring of poison resistance (right hand)
Talismans
 m - a serpent talisman
Scrolls
 g - a scroll of teleportation {unknown}
 k - 2 scrolls of vulnerability {unknown}
 n - a scroll of immolation
 p - a scroll of blinking {unknown}
Potions
 h - a potion of enlightenment {unknown}
 i - a potion of mutation {unknown}
 o - a potion of might


   Skills:
 + Level 3.0 Fighting
 + Level 4.9 Long Blades
 - Level 2.0 Throwing
 * Level 2.0 Armour
 + Level 3.8 Dodging


You had 3 spell levels left.
You didn't know any spells.
Your spell library contained the following spells:

 Spells                   Type           Power      Damage    Failure   Level
 Shock                    Conj/Air       0%         1d3       100%        1
 Summon Small Mammal      Summ           0%         N/A       100%        1
 Call Canine Familiar     Summ           0%         N/A       100%        3
 Portal Projectile        Hex/Tloc       0%         N/A       100%        3
 Summon Guardian Golem    Hex/Summ       0%         N/A       100%        3
 Swiftness                Air            0%         N/A       100%        3
 Tukima's Dance           Hex            0%         N/A       100%        3
 Airstrike                Air            0%         2d(0-16)  100%        4
 Iskenderun's Mystic Bla  Conj/Tloc      0%         2d3       100%        4


Dungeon Overview and Level Annotations

Branches:
Dungeon (2/15)

Altars:


Innate Abilities, Weirdness & Mutations

You are amphibious.
You cover ground slowly.
You can hop short distances.
You have an extended range of vision and can be seen from far away.


Message History

The kobold throws a stone.
The stone barely misses you.
You slash the kobold!
You kill the kobold!
No target in view!
p - a scroll labelled HAGUYS ZAYCUU
Found a stone staircase leading up.
There is a stone staircase leading up here.
A gnoll comes into view. It is wielding a +1 heavy flail.
The gnoll shouts!
A gnoll comes into view. It is wielding a +0 spear.
The gnoll shouts!
You hear a shout!
A gnoll comes into view. It is wielding a +0 flail.
The gnoll hits you with a +1 heavy flail!
You completely miss the gnoll.
The gnoll hits you with a +1 heavy flail!
You are too injured to fight recklessly!
You closely miss the gnoll. You slash the gnoll!
You kill the gnoll!
A gnoll comes into view. It is wielding a +0 halberd.
You barely miss the gnoll.
The gnoll shouts!
The gnoll hits you but does no damage.
The gnoll hits you from afar with a +0 spear.
You slash the gnoll!
You kill the gnoll!
The gnoll hits you but does no damage. x2
Your Armour skill increases to level 2!
You feel very mighty all of a sudden. The gnoll barely misses you.
The gnoll hits you but does no damage.
The gnoll hits you from afar with a +0 halberd!
* * * LOW HITPOINT WARNING * * *
Things that are here:
a +0 flail; a +1 heavy flail You slash the gnoll!
The gnoll is severely wounded.
The gnoll hits you but does no damage.
The gnoll hits you from afar with a +0 halberd!
You die...

#.##...#########.##
..................#
##.....#########<##
##...## ###.#####
##.## #.......# #.#
#.#.###.# #.# #.#.#
#+# # #.# #@# #g#
#g# ..# ... ..P#
P~~~ P #~♣~.


.PP ##♣~. You could see 2 gnolls.

Vanquished Creatures
  2 gnolls (D:2)
  2 adders (D:2)
  A worm (D:2)
  A dart slug (D:2)
  3 endoplasms (D:1)
  3 giant cockroaches (D:1)
  3 goblins
  7 hobgoblins
  2 quokkas
  3 ball pythons (D:1)
  4 bats
  3 frilled lizards (D:2)
  4 kobolds
  4 rats
42 creatures vanquished.

Notes
Turn   | Place    | Note
-------+----------+-------------------------------------------
     0 | D:1      | CraigForest the Barachi Gladiator began the quest for the
                  | Orb.
     0 | D:1      | Reached XP level 1. HP: 17/17 MP: 1/1
    87 | D:1      | Reached XP level 2. HP: 22/23 MP: 2/2
   267 | D:1      | Reached skill level 4 in Long Blades
   564 | D:1      | Reached XP level 3. HP: 28/28 MP: 3/3
   768 | D:2      | Reached skill level 1 in Armour
  1141 | D:2      | Reached XP level 4. HP: 34/34 MP: 4/4
  1287 | D:2      | Mangled by a gnoll

Illustrated notes

Levels and vault maps discovered:
D:1:      grunt_arrival_crossed_arrows, layout_loops_ring,
          nicolae_concentric_dashed_squares_mild, dreamdust_wishing_well
D:2:      layout_loops_corners, serial_bayou, serial_bayou_pond_d,
          serial_bayou_pond_b, serial_bayou_lagoon_a, serial_bayou_ford_a,
          eino_tiny_chamber, minmay_pentomino_w2

Skill      XL: |  1  2  3  4 |
---------------+-------------+-----
Long Blades    | 4 |  4.9
Armour         | 1 2 |  2.0
Fighting       | 3 |  3.0
Throwing       | |  2.0
Dodging        | |  3.8

Action                     |  1- 3 |  4- 6 || total
---------------------------+-------+-------++-------
  Melee: Long sword        |   110 |    16 ||   126
         Punch             |     1 |       ||     1
    Use: Scroll            |       |     2 ||     2
         Potion            |       |     1 ||     1
 Armour: Leather armour    |    10 |       ||    10
         Plate armour      |    71 |     9 ||    80
  Dodge: Dodged            |    44 |     5 ||    49

Table legend: (Time is in decaauts)
 A = Elapsed time spent in this place.
 B = Non-inter-level travel time spent in this place.
 C = Inter-level travel time spent in this place.
 D = Time resting spent in this place.
 E = Time spent auto-exploring this place.
 F = Levels seen in this place.
 G = Mean time per level.
                   A        B        C        D        E       F      G
               +--------+--------+--------+--------+--------+-----+--------+
         Total |   1516 |   1494 |     22 |      0 |   1028 |   2 |  758.0 |
       Dungeon |   1516 |   1494 |     22 |      0 |   1028 |   2 |  758.0 |
               +--------+--------+--------+--------+--------+-----+--------+

Top non-repeatable levels by time:
     D:1: 791 daAuts
     D:2: 724 daAuts
